 Dungeon Crawl Stone Soup version 0.31-a0-217-g58bb5d79cf (webtiles) character file.

Game seed: 8555010799165290324

109 qw the Shooter (level 4, -8/36 HPs)
             Began as a Minotaur Hexslinger on July 2, 2023.
             Mangled by a shadow (9 damage)
             ... on level 6 of the Dungeon.
             The game lasted 00:00:52 (2157 turns).

qw the Shooter (Minotaur Hexslinger)                Turns: 2157, Time: 00:00:53

Health: -8/36      AC:  5    Str: 12    XL:     4   Next: 59%
Magic:  4/4        EV: 11    Int: 10    God:
Gold:   101        SH:  0    Dex: 15    Spells: 4/5 levels left

rFire   . . .        Y - +1 sling
rCold   . . .        (no shield)
rNeg    . . .        d - +0 ring mail
rPois   .            (helmet restricted)
rElec   .            (no cloak)
rCorr   .            (no gloves)
SInv    .            (no boots)
Will    .....        (no amulet)
Stlth   +            (no ring)
HPRegen 0.26/turn    (no ring)
MPRegen 0.09/turn

%: no passive effects
@: no status effects
A: horns 2, retaliatory headbutt
a: no special abilities


You were on level 6 of the Dungeon.
You visited 1 branch of the dungeon, and saw 4 of its levels.

You collected 101 gold pieces.


Innate Abilities, Weirdness & Mutations

You have a pair of horns on your head.
You reflexively headbutt those who attack you in melee.


   Skills:
 + Level 2.0 Fighting
 - Level 5.0 Ranged Weapons
 - Level 1.1 Armour
 - Level 2.1 Dodging
 - Level 1.0 Spellcasting
 - Level 2.0 Hexes


You had 4 spell levels left.
You knew the following spells:

 Your Spells              Type           Power      Damage    Failure   Level
a - Slow                  Hex            16%        N/A       34%         1

Your spell library contained the following spells:

 Spells                   Type           Power      Damage    Failure   Level
 Inner Flame              Hex/Fire       2%         N/A       83%         3
 Portal Projectile        Hex/Tloc       4%         N/A       83%         3
 Cause Fear               Hex            2%         N/A       98%         4

Inventory:

Hand Weapons
 Y - a +1 sling (weapon)
Armour
 d - a +0 ring mail (worn)
Jewellery
 c - an amulet of faith
Scrolls
 e - 3 scrolls of identify
 g - a scroll of enchant armour {unknown}
Potions
 a - 2 potions of brilliance {unknown}
 b - 2 potions of curing
 f - a potion of might {unknown}

Dungeon Overview and Level Annotations

Branches:
Dungeon (3/15)

Altars:


Message History

Enter note:
Enter note:
Enter note:
Enter note:
Enter note: A sourceless malevolence fills the Dungeon...
You fall into a shaft and drop 3 floors!
The shaft crumbles and collapses.
A shadow comes into view.
Waypoint 3 assigned to D:6.
You shoot a sling bullet.
The sling bullet closely misses the shadow.
The shadow slips into darkness.
The shadow flickers and vanishes!
Deactivating autopickup; reactivate with Ctrl-A.
You shoot a sling bullet. You shoot a sling bullet. You shoot a sling bullet.
You shoot a sling bullet.
The shadow strikes at you from the darkness!
Reactivating autopickup.
You shoot a sling bullet.
The sling bullet hits the shadow but does no damage.
The shadow is lightly damaged.
The shadow closely misses you. The shadow hits you.
You shoot a sling bullet.
The sling bullet barely misses the shadow.
The shadow hits you!
You shoot a sling bullet.
The sling bullet barely misses the shadow.
The shadow misses you.
You shoot a sling bullet.
The sling bullet hits the shadow but does no damage.
The shadow hits you!
You shoot a sling bullet.
The sling bullet hits the shadow but does no damage.
The shadow hits you! x2
You shoot a sling bullet.
The sling bullet hits the shadow but does no damage.
The shadow hits you!
You die...

.......
.....
.....
... ...
#.# #W#
##@#
#..#
#####.##
...#.#
#.#.#
#...#
#####


You could see a shadow.

Vanquished Creatures
  Robin (D:3)
  2 adders (D:2)
  A worm (D:3)
  An orc (D:3)
  4 bats
  6 endoplasms
  4 giant cockroaches
  3 hobgoblins
  8 jackals (D:1)
  7 kobolds
  3 quokkas
  7 ball pythons
  4 frilled lizards
  15 goblins
  5 rats
71 creatures vanquished.

Notes
Turn   | Place    | Note
-------+----------+-------------------------------------------
     0 | D:1      | qw the Minotaur Hexslinger began the quest for the Orb.
     0 | D:1      | Reached XP level 1. HP: 16/16 MP: 1/1
     0 | D:1      | 0 ||| qw: Version: 0.3-a-40-ge99b1a8
     0 | D:1      | 0 ||| qw: Game counter: 47
     0 | D:1      | 0 ||| qw: Melee chars always use a shield: true
     0 | D:1      | 0 ||| qw: God list: Okawaru
     0 | D:1      | 0 ||| qw: Allow faded altars: false
     0 | D:1      | 0 ||| qw: Do Orc after clearing Dungeon:15 true
     0 | D:1      | 0 ||| qw: Do second Lair branch before Depths: true
     0 | D:1      | 0 ||| qw: Lair rune preference: random
     0 | D:1      | 0 ||| qw: Goals: Normal
     0 | D:1      | 0 ||| PLANNING D:1-11
    99 | D:1      | Reached skill level 3 in Ranged Weapons
    99 | D:1      | Reached XP level 2. HP: 19/23 MP: 2/2
   607 | D:1      | Reached XP level 3. HP: 29/29 MP: 3/3
   960 | D:1      | 960 ||| UPGRADING to +0 ring mail.
   970 | D:1      | 970 ||| DROPPING +0 robe.
   971 | D:1      | 971 ||| READING scroll labelled HAHAOWNOFAL.
   972 | D:1      | 972 ||| READING scroll labelled VYVVUR CIYDAAM.
   973 | D:1      | 973 ||| DROPPING scroll of poison.
  1071 | D:2      | Reached skill level 4 in Ranged Weapons
  1102 | D:2      | Reached skill level 1 in Armour
  1573 | D:2      | Found a faded altar of an unknown god.
  1597 | D:2      | Reached XP level 4. HP: 36/36 MP: 4/4
  1694 | D:2      | 1694 ||| READING scroll labelled YNINNE WAREUPS.
  1695 | D:2      | 1695 ||| READING scroll labelled RAEZUHO WAOMA.
  1796 | D:2      | 1796 ||| DRINKING 2 purple potions.
  1984 | D:3      | Noticed Robin
  1999 | D:3      | HP: 9/36 [goblin/+0 dagger[Robin] (1)]
  2000 | D:3      | HP: 2/36 [goblin/+0 dagger[Robin] (3)]
  2001 | D:3      | Killed Robin
  2002 | D:3      | Reached skill level 5 in Ranged Weapons
  2139 | D:3      | You fall into a shaft and drop 3 floors!
  2146 | D:6      | Noticed a shadow
  2156 | D:6      | HP: 1/36 [shadow (10)]
  2157 | D:6      | Mangled by a shadow

Levels and vault maps discovered:
D:1:      minmay_arrival_shattered_statue, layout_loops_corners,
          bh_walls_and_bars
D:2:      cheibrodos_old_hovel, layout_loops_cross,
          shapermc_ecumenical_altar_ellora, kennysheep_minor_cross
D:3:      layout_rooms, minmay_box_of_dots, uniq_robin
D:6:      layout_loops_ring, okawaru_gym_becter, minmay_misc_feat_ornament,
          item_on_display_a

Skill      XL: |  1  2  3  4 |
---------------+-------------+-----
Ranged Weapons | 3 4 5 |  5.0
Fighting       | 2 |  2.0
Armour         | 1 |  1.1
Dodging        | |  2.1
Spellcasting   | |  1.0
Hexes          | |  2.0

Action                     |  1- 3 |  4- 6 || total
---------------------------+-------+-------++-------
   Fire: Sling             |   145 |    75 ||   220
    Use: Scroll            |     2 |     2 ||     4
         Potion            |       |     1 ||     1
 Armour: Robe              |     7 |       ||     7
         Ring mail         |    11 |    16 ||    27
  Dodge: Dodged            |    51 |    22 ||    73

Table legend:
 A = Non-vault XP
 B = Vault XP
 C = Vault XP percentage of total XP
 D = Non-vault monster count
 E = Vault monster count
 F = Vault count percentage of total count
                 A         B        C        D         E       F
            +---------+---------+-------+---------+---------+-------
      Total |     121 |      35 |  22.4 |      59 |      12 |  16.9
            +---------+---------+-------+---------+---------+-------
        D:1 |      53 |       0 |   0.0 |      33 |       0 |   0.0
        D:2 |      44 |       1 |   2.2 |      14 |       1 |   6.7
        D:3 |      24 |      34 |  58.6 |      12 |      11 |  47.8
            +---------+---------+-------+---------+---------+-------
